 Dungeon Crawl Stone Soup version 0.27.1-4-g1640c2035a (webtiles) character file.

Game seed: 16335223777418112288

5422 Theotherone the Grappler (level 10, -4/85 (92) HPs)
             Began as a Troll Berserker on Oct 13, 2021.
             Was a High Priest of Trog.
             Slain by a hell rat (12 damage)
             ... on level 9 of the Dungeon on Nov 7, 2021.
             The game lasted 00:22:28 (6376 turns).

Theotherone the Grappler (Troll Berserker)          Turns: 6376, Time: 00:22:29

HP:   -4/85 (92)    AC:  8    Str: 30    XL:     10   Next: 40%
MP:   9/9           EV:  9    Int:  3    God:    Trog [*****.]
Gold: 580           SH: 11    Dex: 15    Spells: 9/9 levels left

rFire    . . .     SeeInvis .     - Unarmed
rCold    . . .     Faith    .   z - +0 kite shield
rNeg     . . .     Spirit   .   a - +0 animal skin
rPois    .         Reflect  .   (helmet restricted)
rElec    .         Harm     .   (no cloak)
rCorr    .         Rampage  .   (gloves unavailable)
Will     ++...                  (boots unavailable)
Stlth    +.........             (no amulet)
HPRegen  2.24/turn              j - +6 ring of dexterity
MPRegen  0.11/turn              v - +4 ring of protection

@: strong-willed (expiring), on berserk cooldown, regenerating (expiring),
slowed, drained, very slow
A: large, unfitting armour, claws 3, regeneration 1, shaggy fur 1, tough skin 1
a: Renounce Religion, Berserk, Trog's Hand, Brothers in Arms


You were on level 9 of the Dungeon.
You worshipped Trog.
Trog was extremely pleased with you.
You visited 1 branch of the dungeon, and saw 9 of its levels.

You collected 715 gold pieces.
You spent 135 gold pieces at shops.

Inventory:

Hand Weapons
 k - a +2 shortbow of flaming
 s - a +1 whip of electrocution
Missiles
 b - 6 javelins (quivered)
 o - 7 boomerangs of dispersal
 r - 80 arrows
 x - 3 throwing nets
 y - 3 atropa-tipped darts
 D - 2 curare-tipped darts
Armour
 a - a +0 animal skin (worn)
 z - a +0 kite shield (worn)
Jewellery
 j - a +6 ring of dexterity (left claw)
 p - a ring of resist corrosion
 v - a +4 ring of protection (right claw)
 A - a +6 ring of dexterity
 B - a ring of ice
Wands
 C - a wand of acid (7)
 F - a wand of paralysis (13)
Scrolls
 c - a scroll of enchant armour {unknown}
 e - 5 scrolls of identify {@r1}
 h - a scroll of fog
 m - 3 scrolls of vulnerability
 q - 3 scrolls of teleportation
 E - 2 scrolls of enchant weapon {unknown}
Potions
 d - 2 potions of brilliance {unknown}
 f - a potion of invisibility {unknown}
 g - 4 potions of curing
 i - 4 potions of flight {unknown}
 l - 2 potions of heal wounds
 n - a potion of might {unknown}
 t - a potion of haste {unknown}
 u - a potion of resistance {unknown}
 w - 2 potions of magic {unknown}


   Skills:
 + Level 4.1 Fighting
 - Level 2.4 Dodging
 + Level 6.1 Shields
 - Level 13.0 Unarmed Combat


You had 9 spell levels left.
You didn't know any spells.
Your spell library contained the following spells:

 Spells                   Type           Power      Damage    Failure   Level
 Portal Projectile        Hex/Tloc       0%         N/A       98%         3
 Blade Hands              Tmut           0%         N/A       100%        5
 Excruciating Wounds      Necr           0%         N/A       100%        5


Dungeon Overview and Level Annotations

Branches:
Dungeon (9/15)             Temple (0/1) D:7            Lair (0/6) D:9
    Orc: D:9-12

Altars:
Dithmenos
Elyvilon
Kikubaaqudgha
Uskayaw
Vehumet
Wu Jian

Shops:
D:4 *


Innate Abilities, Weirdness & Mutations

You are too large for most types of armour.
You have claws for hands.
Your natural rate of healing is unusually fast.
You are covered in fur. (AC +1)
You have tough skin. (AC +1)


Message History

You barely miss the death yak.
The death yak is lightly wounded.
The hell rat bites you!
* * * LOW HITPOINT WARNING * * *
You feel drained.
* * * LOW HITPOINT WARNING * * *
The quokka bites you but does no damage.
You barely miss the death yak.
The death yak is lightly wounded.
The death yak barely misses you.
The hell rat bites you but does no damage.
You claw the death yak!
The death yak is moderately wounded.
The hell rat bites you!
* * * LOW HITPOINT WARNING * * *
You feel drained.
* * * LOW HITPOINT WARNING * * *
The quokka barely misses you.
You feel a strong urge to attack something.
You are no longer berserk.
You are exhausted.
You feel yourself slow down.
The hell rat bites you but does no damage.
The quokka barely misses you. The quokka closely misses you.
The hell rat barely misses you. The hell rat closely misses you.
You block the hell rat's attack. You block the hell rat's attack. x2
The hell rat bites you!
* * * LOW HITPOINT WARNING * * *
You feel drained.
* * * LOW HITPOINT WARNING * * *
The quokka twitches its whiskers.
You feel the effects of Trog's Hand fading.
The hell rat bites you!
* * * LOW HITPOINT WARNING * * *
The death yak gores you!
* * * LOW HITPOINT WARNING * * *
The hell rat bites you!
You die...

........................#####...#
................................#
................................#
..................###...)........
......[...........# #...)........
............r.....###...)).......
............#.rr.................
...........###YrY................
.#..........#..r@.....)..........
##........................#.....
##......................###....
#...................... ....
#....................
..................
#################


You could see 2 death yaks, 4 hell rats and a quokka.

Vanquished Creatures
  A death yak (D:9)
  2 wraiths
  A yak (D:6)
  3 water moccasins
  Duvessa (D:5)
  4 orc warriors
  2 sky beasts (D:6)
  2 necrophages
  An ogre (D:5)
  2 centaurs
  2 phantoms
  3 kobold brigands
  6 bullfrogs
  2 gnoll sergeants (D:6)
  Dowan (D:5)
  8 killer bees
  4 wights
  4 howler monkeys
  A bullfrog zombie (D:6)
  2 centaur zombies
  6 orc priests
  A centaur skeleton (D:5)
  A gnoll shaman (D:5)
  4 hounds (D:6)
  3 jellies
  A bullfrog skeleton (D:5)
  Terence (D:2)
  7 iguanas
  Natasha (thrice) (D:2)
  4 orc wizards
  A hell rat (D:9)
  2 killer bee zombies (D:8)
  A hound skeleton (D:5)
  Robin (D:3)
  12 gnolls
  12 adders
  2 shadow imps
  2 ufetubi
  A worm (D:3)
  2 dart slugs
  28 orcs
  6 ball pythons
  8 endoplasms
  3 giant cockroaches
  17 goblins
  12 hobgoblins
  2 jackals (D:3)
  2 quokkas
  3 bats
  2 frilled lizards (D:3)
  15 kobolds
  5 rats
222 creatures vanquished.

Notes
Turn   | Place    | Note
-------+----------+-------------------------------------------
     0 | D:1      | Theotherone the Troll Berserker began the quest for the
                  | Orb.
     0 | D:1      | Reached XP level 1. HP: 22/22 MP: 0/0
   137 | D:1      | Reached XP level 2. HP: 29/29 MP: 1/1
   235 | D:1      | Reached skill level 4 in Unarmed Combat
   291 | D:1      | Reached XP level 3. HP: 27/36 MP: 2/2
   525 | D:1      | Found a faded altar of an unknown god.
   544 | D:1      | Reached ** piety under Trog
   741 | D:2      | Noticed Terence
   747 | D:2      | Killed Terence
   748 | D:2      | Reached XP level 4. HP: 44/44 MP: 3/3
   751 | D:2      | Reached skill level 5 in Unarmed Combat
  1036 | D:2      | Upgraded the game from 0.27.1-3-gb3d3a73c9e to
                  | 0.27.1-4-g1640c2035a
  1041 | D:2      | Found a hide-covered altar of Uskayaw.
  1343 | D:2      | Noticed Natasha
  1352 | D:2      | Killed Natasha
  1353 | D:2      | Reached XP level 5. HP: 46/50 MP: 4/4
  1368 | D:2      | Noticed Natasha
  1371 | D:2      | Killed Natasha
  1372 | D:2      | Reached skill level 6 in Unarmed Combat
  1414 | D:2      | Noticed Natasha
  1420 | D:2      | Killed Natasha
  1450 | D:3      | Noticed Robin
  1465 | D:3      | Killed Robin
  1639 | D:3      | Reached XP level 6. HP: 49/59 MP: 5/5
  1645 | D:3      | Reached *** piety under Trog
  1724 | D:3      | Reached skill level 7 in Unarmed Combat
  1949 | D:4      | Found Gyklukly's Assorted Antiques.
  1972 | D:4      | Bought a large bone ring for 135 gold pieces
  3021 | D:5      | Entered Level 5 of the Dungeon
  3025 | D:5      | Noticed a water moccasin
  3030 | D:5      | Reached skill level 8 in Unarmed Combat
  3030 | D:5      | Reached XP level 7. HP: 66/66 MP: 6/6
  3077 | D:5      | Reached skill level 9 in Unarmed Combat
  3162 | D:5      | Noticed Dowan
  3172 | D:5      | Noticed Duvessa
  3187 | D:5      | Killed Duvessa
  3188 | D:5      | Reached XP level 8. HP: 74/74 MP: 7/7
  3201 | D:5      | Killed Dowan
  3202 | D:5      | Reached skill level 10 in Unarmed Combat
  3293 | D:5      | Reached **** piety under Trog
  3755 | D:6      | Reached skill level 11 in Unarmed Combat
  3870 | D:6      | Reached XP level 9. HP: 80/80 MP: 8/8
  3871 | D:6      | Reached skill level 1 in Shields
  3885 | D:6      | Reached skill level 12 in Unarmed Combat
  4047 | D:6      | Found an ancient bone altar of Kikubaaqudgha.
  5073 | D:7      | Reached skill level 5 in Shields
  5110 | D:7      | Found a staircase to the Ecumenical Temple.
  5701 | D:8      | Identified the +7 short sword of the Unkillable {venom,
                  | Fragile rElec rN+ rCorr}
  5737 | D:8      | Reached ***** piety under Trog
  5738 | D:8      | Reached XP level 10. HP: 88/88 MP: 9/9
  5745 | D:8      | Reached skill level 13 in Unarmed Combat
  5941 | D:8      | Found a radiant altar of Vehumet.
  5941 | D:8      | Found a shadowy altar of Dithmenos.
  5943 | D:8      | Found a white marble altar of Elyvilon.
  5943 | D:8      | Found an ornate altar of the Wu Jian Council.
  6349 | D:9      | Noticed a death yak
  6349 | D:9      | Noticed a death yak
  6351 | D:9      | Found a staircase to the Lair.
  6360 | D:9      | Killed a death yak
  6361 | D:9      | Noticed a death yak
  6376 | D:9      | Slain by a hell rat

Illustrated notes

Levels and vault maps discovered:
D:1:      kilobyte_arrival_exit_the_forest, layout_rooms,
          shapermc_ecumenical_altar_acropolis
D:2:      layout_basic, basic_altar, uniq_natasha, uniq_terence
D:3:      layout_basic, uniq_robin
D:4:      layout_layer_cave, serial_shops, shop
D:5:      layout_rooms, amethyst_killhole, uniq_duvessa
D:6:      layout_basic, kiku_gazebo_pond_becter, minmay_joined_circles
D:7:      layout_cave_pools, minmay_temple_entry_fiery,
          hangedman_decor_opposing, grunt_decor_cap
D:8:      layout_basic, mainiacjoe_overflow_alcove_3, minivault_10
D:9:      layout_big_octagon, old_standard_altar, dpeg_lair_monsters, uniq_pikel

Skill      XL: |  1  2  3  4  5  6  7  8  9 10 |
---------------+-------------------------------+-----
Unarmed Combat | 4 5 6 8 9 11 12 13 | 13.0
Shields        | 5 6 |  6.1
Fighting       | 4 |  4.1
Dodging        | |  2.4

Action                   |  1- 3 |  4- 6 |  7- 9 | 10-12 || total
-------------------------+-------+-------+-------+-------++-------
Melee: Unarmed           |    52 |   179 |   257 |    95 ||   583
       Punch             |       |     5 |     4 |       ||     9
Invok: Berserk           |     1 |     3 |     7 |     1 ||    12
       Trog's Hand       |       |       |     4 |     1 ||     5
  Use: Scroll            |       |       |    14 |       ||    14
 Stab: Sleeping          |     1 |     1 |     1 |       ||     3
Armor: Animal skin       |    14 |    58 |    61 |    46 ||   179
Dodge: Dodged            |    20 |   122 |   108 |    60 ||   310
Block: Kite shield       |       |       |    80 |    75 ||   155
